Map: World of Sleepers LE

Players

Tzuyu

  • Race: Protoss Protoss
  • League: Diamond
  • Spawn Location: 7:00

ViBE - Winner!

  • Race: Zerg Zerg
  • League: Diamond
  • Spawn Location: 1:00

VOD

Have the link to the VOD?

Description

Time

  • Played on: Dec. 16, 2019, 12:04 a.m.
  • Length: 17:25
Show
View Real Time Build Order
Export as new Build Order

Tzuyu Protoss 

Build Orders:  

Get SALT Encoding   

  12  0:02  Probe  
  13  0:14  Probe  
  14  0:23  Pylon  
  14  0:26  Probe  
  15  0:41  Probe  
  15  0:42  Gateway  
  16  0:53  Probe (Chrono Boost)  
  17  1:05  Probe (Chrono Boost)  
  18  1:13  Probe (Chrono Boost)  
  19  1:19  Probe  
  19  1:24  Assimilator  
  20  1:32  Cybernetics Core, Probe  
  21  1:34  Gateway  
  21  1:37  Pylon  
  21  1:44  Probe  
  21  1:47  Pylon  
  22  1:53  Zealot (Chrono Boost)  
  24  2:06  Probe  
  25  2:09  Assimilator  
  25  2:12  Warp Gate (Chrono Boost)  
  25  2:13  Gateway  
  25  2:21  Zealot  
  27  2:23  Zealot  
  29  2:34  Probe  
  30  2:48  Nexus  
  30  3:00  Probe  
  30  3:01  Stalker  
  33  3:09  Pylon  
  33  3:33  Pylon  
  33  3:42  Twilight Council  
  33  3:45  Forge  
  33  3:47  Stalker  
  33  3:48  Sentry  
  37  3:49  Sentry  
  39  4:02  Probe (Chrono Boost)  
  39  4:09  Probe (Chrono Boost)  
  40  4:13  Probe (Chrono Boost), Stalker x2  
  45  4:17  Sentry  
  47  4:38  Zealot  
  47  4:39  Zealot  
  47  4:40  Zealot  
  53  5:00  Zealot x3  
  59  5:13  Probe (Chrono Boost)  
  60  5:20  Probe (Chrono Boost)  
  61  5:22  Probe (Chrono Boost)  
  62  5:30  Zealot x3  
  48  6:00  Charge (Chrono Boost)  
  37  6:04  Probe (Chrono Boost)  
  37  6:07  Probe (Chrono Boost)  
  36  6:15  Protoss Ground Weapons Level 1 (Chrono Boost)  
  36  6:16  Probe (Chrono Boost)  
  36  6:17  Pylon  
  33  6:21  Probe (Chrono Boost)  
  33  6:23  Gateway  
  34  6:26  Gateway  
  34  6:30  Probe  
  35  6:33  Zealot  
  35  6:34  Stalker  
  35  6:39  Nexus  
  39  6:41  Pylon  
  39  6:43  Pylon, Probe  
  39  6:45  Pylon  
  40  6:51  Stalker  
  42  6:55  Zealot, Probe  
  45  7:07  Probe  
  46  7:14  Zealot x2  
  50  7:22  Zealot x3  
  54  7:37  Zealot x2  
  56  7:39  Probe  
  56  7:41  Assimilator  
  56  7:44  Assimilator  
  59  7:50  Stargate  
  59  7:54  Templar Archives  
  59  7:58  Probe (Chrono Boost)  
  61  8:00  Probe (Chrono Boost)  
  61  8:01  Stalker x4  
  61  8:02  Stalker  
  71  8:07  Probe (Chrono Boost)  
  71  8:12  Probe (Chrono Boost)  
  72  8:13  Probe  
  72  8:18  Protoss Ground Weapons Level 2 (Chrono Boost)  
  74  8:24  Probe  
  74  8:25  Probe  
  76  8:33  Psionic Storm, Robotics Facility  
  76  9:02  Zealot x3  
  56  9:03  Zealot x2  
  56  9:04  Probe (Chrono Boost)  
  56  9:08  Probe (Chrono Boost)  
  58  9:12  Photon Cannon  
  58  9:13  Photon Cannon  
  58  9:14  Photon Cannon  
  58  9:15  Probe (Chrono Boost)  
  58  9:16  Photon Cannon, Probe (Chrono Boost)  
  60  9:19  Pylon  
  60  9:21  Pylon  
  60  9:27  High Templar x2  
  60  9:28  High Templar x2  
  60  9:29  Zealot  
  70  9:34  Archon x2  
  70  9:36  Probe  
  71  9:39  Probe x2  
  73  9:48  Probe  
  73  9:51  Probe  
  75  9:55  Stalker  
  77  10:00  Gateway  
  77  10:02  Immortal, Gateway  
  77  10:04  Gateway  
  77  10:07  Stalker x3  
  83  10:10  Probe  
  88  10:15  Stalker  
  88  10:18  Stalker  
  92  10:39  High Templar x3  
  92  10:41  Zealot x2  
  102  10:44  Probe  
  102  10:45  Gateway  
  102  10:46  Gateway  
  102  10:47  Assimilator  
  103  10:50  Assimilator  
  103  10:53  Protoss Ground Weapons Level 3 (Chrono Boost)  
  103  11:13  Nexus  
  103  11:16  Probe  
  103  11:27  Zealot x3  
  103  11:28  Probe  
  103  11:29  Stalker x3  
  116  11:46  Pylon  
  116  11:49  Pylon  
  116  11:51  Pylon  
  106  11:54  Pylon  
  92  12:21  Archon  
  82  12:25  Zealot x6  
  82  12:26  Zealot x3  
  82  12:29  Probe (Chrono Boost)  
  78  12:38  Probe (Chrono Boost)  
  78  12:39  Warp Prism, Probe (Chrono Boost)  
  81  12:47  Stalker x2, Probe (Chrono Boost)  
  81  12:48  Stalker x5  
  81  12:50  Zealot x3  
  102  12:58  Probe (Chrono Boost)  
  103  13:07  Probe (Chrono Boost)  
  103  13:09  Pylon  
  103  13:11  Pylon  
  90  13:13  Pylon  
  90  13:14  High Templar  
  90  13:15  High Templar x7  
  90  13:18  Sentry x2  
  106  13:20  Probe (Chrono Boost)  
  106  13:21  Probe (Chrono Boost)  
  106  13:26  Fleet Beacon  
  108  13:33  Probe (Chrono Boost)  
  109  13:34  Protoss Ground Armor Level 1 (Chrono Boost)  
  110  13:41  Probe (Chrono Boost)  
  110  13:42  Zealot x2  
  114  13:53  Photon Cannon  
  114  13:55  Photon Cannon  
  114  13:56  Assimilator  
  114  13:57  Photon Cannon  
  114  13:59  Zealot x3  
  114  14:00  Zealot x3, Assimilator  
  114  14:01  Zealot x2  
  108  14:24  Archon x2  
  108  14:29  Zealot x6  
  108  14:30  Zealot x2  
  122  14:32  Probe  
  123  14:44  Probe  
  124  14:46  High Templar x2  
  114  15:02  Nexus  
  114  15:06  Pylon  
  114  15:08  Pylon  
  114  15:33  Zealot x4, Stalker  
  114  15:34  Zealot x5  
  126  15:43  Carrier (Chrono Boost)  
  126  15:46  Photon Cannon  
  126  15:47  Photon Cannon  
  130  15:51  Gateway  
  130  15:53  Gateway  
  130  15:54  Gateway  
  130  15:56  Stargate  
  130  15:59  Probe (Chrono Boost)  
  131  16:08  Probe (Chrono Boost)  
  132  16:14  High Templar x2  
  132  16:15  High Templar x2  
  132  16:17  Sentry x4  
  132  16:18  Sentry  
  150  16:22  Photon Cannon  
  150  16:23  Probe (Chrono Boost)  
  152  16:34  Probe (Chrono Boost)  
  152  16:35  Probe (Chrono Boost)  
  152  16:36  Assimilator  
  151  16:42  Observer  
  152  16:50  Probe  
  119  17:02  Probe  
Show
View Real Time Build Order
Export as new Build Order

ViBE Zerg - Winner!

Build Orders: Hatch First, Lurkers 

Get SALT Encoding   

  12  0:01  Drone  
  13  0:13  Overlord  
  13  0:22  Drone  
  14  0:32  Drone  
  14  0:33  Drone  
  16  0:50  Hatchery  
  16  0:54  Drone  
  16  0:57  Drone  
  16  1:01  Drone  
  18  1:12  Extractor  
  17  1:18  Spawning Pool  
  17  1:20  Drone  
  17  1:24  Drone  
  18  1:33  Drone  
  19  1:40  Drone  
  20  1:59  Drone  
  21  2:03  Overlord  
  21  2:06  Drone  
  21  2:07  Queen  
  21  2:08  Queen  
  26  2:17  Overlord  
  26  2:25  Metabolic Boost  
  26  2:32  Drone x3  
  29  2:39  Drone x2  
  31  2:48  Hatchery  
  30  2:56  Zergling x6  
  30  2:57  Zergling x2  
  34  3:07  Zergling x2  
  35  3:15  Zergling x2  
  35  3:17  Zergling x2  
  37  3:21  Queen  
  37  3:22  Overlord  
  39  3:35  Drone x2  
  39  3:36  Drone x3  
  39  3:37  Overlord  
  44  3:48  Overlord  
  44  3:56  Overlord x2  
  44  3:58  Drone  
  44  3:59  Drone x4  
  49  4:03  Lair  
  49  4:04  Drone x2  
  51  4:15  Drone x4  
  54  4:33  Spore Crawler  
  53  4:38  Overlord x2  
  53  4:45  Zergling x18  
  55  4:46  Zergling x2  
  57  4:57  Zergling x6  
  58  5:01  Zergling x8  
  58  5:03  Queen  
  58  5:04  Queen  
  58  5:06  Zergling x2  
  64  5:07  Zergling x2  
  64  5:09  Hydralisk Den  
  64  5:11  Zergling x6  
  64  5:13  Zergling x2  
  62  5:24  Zergling x4  
  60  5:32  Zergling x8  
  59  5:37  Zergling x8  
  59  5:47  Zergling x2  
  45  6:04  Zergling x8  
  41  6:19  Drone x6  
  47  6:26  Drone  
  47  6:30  Grooved Spines  
  48  6:33  Hatchery, Drone  
  48  6:39  Drone x6  
  54  6:40  Overseer  
  54  6:43  Drone  
  55  7:05  Drone x2  
  55  7:06  Drone x6  
  63  7:17  Overlord  
  63  7:18  Overlord  
  63  7:21  Extractor  
  63  7:22  Extractor  
  61  7:24  Extractor  
  61  7:27  Drone x3  
  61  7:28  Extractor  
  61  7:29  Extractor  
  58  7:40  Drone x3  
  58  7:41  Drone  
  58  7:42  Muscular Augments  
  62  7:45  Baneling Nest  
  62  7:47  Hydralisk x3  
  67  7:55  Queen  
  69  7:58  Hatchery  
  69  8:02  Drone  
  69  8:03  Drone x3  
  69  8:04  Zergling x8  
  76  8:11  Overlord x2  
  75  8:19  Hydralisk x3  
  81  8:34  Zergling x14  
  81  8:35  Zergling x2  
  81  8:37  Baneling x11  
  87  8:51  Zergling x2  
  87  8:52  Zergling x8  
  80  9:06  Drone x2  
  80  9:07  Drone x5, Hatchery  
  87  9:17  Queen, Drone x3, Extractor  
  87  9:24  Baneling x9  
  89  9:28  Baneling x3  
  89  9:35  Drone x5  
  94  9:44  Centrifical Hooks  
  93  9:54  Drone x9  
  102  10:10  Lurker Den  
  101  10:25  Drone x3  
  101  10:27  Drone x8  
  112  10:29  Hydralisk  
  112  10:30  Hydralisk  
  116  10:37  Queen  
  116  10:38  Hatchery, Hydralisk  
  116  10:39  Hydralisk  
  121  10:49  Hydralisk x2  
  121  10:50  Hydralisk  
  121  10:52  Overlord x3  
  121  10:54  Baneling  
  121  10:55  Baneling x3  
  127  11:01  Evolution Chamber  
  127  11:03  Overlord x6, Drone  
  127  11:11  Hydralisk  
  127  11:12  Hydralisk x6  
  142  11:18  Drone  
  142  11:19  Infestation Pit  
  142  11:20  Drone  
  141  11:30  Hydralisk x8  
  157  11:35  Zergling x16  
  158  11:57  Zergling x16  
  157  12:05  Zergling x2  
  157  12:06  Zergling x16  
  160  12:18  Zergling x10  
  155  12:23  Zergling x4  
  152  12:36  Hive  
  152  12:38  Zerg Melee Weapons Level 1  
  152  12:39  Spire  
  152  12:42  Drone x2  
  152  12:43  Evolution Chamber  
  152  12:51  Drone x7  
  156  13:00  Hatchery  
  156  13:05  Zergling x16  
  155  13:06  Zergling x16  
  162  13:15  Zergling x6  
  162  13:19  Overlord  
  164  13:25  Zerg Missile Weapons Level 1  
  164  13:35  Baneling  
  164  13:44  Extractor  
  164  13:45  Zergling x24  
  164  13:46  Baneling  
  164  13:47  Baneling x17  
  175  13:51  Adrenal Glands  
  175  13:52  Greater Spire, Hatchery  
  175  13:53  Hatchery, Adaptive Talons  
  155  14:28  Zergling x2  
  155  14:29  Zergling x26  
  161  14:35  Lurker x16  
  161  14:36  Lurker  
  169  14:42  Zergling x14  
  176  14:49  Zerg Melee Weapons Level 2  
  176  14:50  Seismic Spines  
  175  15:00  Hydralisk x5  
  185  15:14  Hydralisk x7  
  185  15:19  Spore Crawler  
  185  15:20  Spine Crawler x2  
  196  15:23  Spore Crawler  
  196  15:24  Spine Crawler x2  
  196  15:25  Spore Crawler  
  196  15:27  Spore Crawler  
  196  15:28  Drone x2, Spine Crawler x3  
  188  15:29  Drone, Spine Crawler  
  188  15:34  Drone  
  188  15:35  Drone  
  184  15:37  Spine Crawler  
  184  15:39  Drone x5  
  188  15:42  Spore Crawler  
  188  15:44  Spine Crawler x2  
  188  15:47  Drone x4  
  188  15:48  Drone x4  
  193  15:51  Drone x4  
  193  15:54  Hatchery  
  196  16:15  Pneumatized Carapace  
  196  16:22  Drone x4  
  200  16:53  Spore Crawler, Spine Crawler x2  
Tags
 
Add a new tag
Caveats
  • Supply blocks, unpowered buildings, or Contaminate may cause inaccurate times.
  • Supply counts are checked every 10 seconds.